 Dungeon Crawl Stone Soup version 0.30.0-19-g36f170ea60 (webtiles) character file.

Game seed: 7713030739888693708

3 olmar the Trooper (level 1, -8/18 HPs)
             Began as a Mummy Chaos Knight on May 28, 2023.
             Was a Plaything of Xom.
             Mangled by an iron imp (10 damage)
             ... summoned by Xom
             ... on level 1 of the Dungeon.
             The game lasted 00:01:09 (424 turns).

olmar the Trooper (Mummy Chaos Knight)               Turns: 424, Time: 00:01:09

Health: -8/18      AC:  5    Str: 15      XL:     1   Next: 41%
Magic:  1/1        EV: 11    Int: 11      God:    Xom [*.....]
Gold:   26         SH:  0    Dex: 10 (11) Spells: 0/0 levels left

rFire   x . .        a - +0 mace (chaos)
rCold   + . .        (no shield)
rNeg    + + +        b - +2 leather armour
rPois   ∞            (no helmet)
rElec   .            (no cloak)
rCorr   .            (no gloves)
SInv    .            (no boots)
Will    .....        (no amulet)
Stlth   +            (no ring)
HPRegen 0.23/turn    (no ring)
MPRegen 0.07/turn

%: faith
@: no status effects
A: cold resistance 1, negative energy resistance 3, torment resistance 2, heat
vulnerability 1, no potions, faith
a: Renounce Religion


You were on level 1 of the Dungeon.
You worshipped Xom.
You were a special plaything of Xom.
You visited 1 branch of the dungeon, and saw 1 of its levels.

You collected 26 gold pieces.

Inventory:

Hand Weapons
 a - a +0 mace of chaos (weapon)
Armour
 b - a +2 leather armour (worn)
Scrolls
 d - a scroll of silence {unknown}
 e - a scroll of immolation {unknown}
Miscellaneous
 c - a piece from Xom's chessboard (15/15) (quivered)


   Skills:
 + Level 3.1 Fighting
 + Level 2.5 Maces & Flails
 + Level 1.5 Armour
 + Level 0.7 Dodging


You couldn't memorise any spells.
You didn't know any spells.
Your spell library was empty.

Dungeon Overview and Level Annotations

Branches:
Dungeon (1/15)

Altars:


Innate Abilities, Weirdness & Mutations

You are immune to poison.
Your flesh is cold resistant. (rC+)
You are immune to negative energy. (rN+++)
You are immune to unholy pain and torment.
You are vulnerable to heat. (rF-)
You do not drink.
You have a special connection with the divine. (Faith)


Message History

The iron imp barely misses you.
You closely miss the iron imp.
The iron imp is lightly wounded.
The iron imp hits you!
You barely miss the iron imp.
The iron imp is lightly wounded.
The iron imp barely misses you.
You closely miss the iron imp.
The iron imp is lightly wounded.
The iron imp barely misses you.
You barely miss the iron imp.
The iron imp is lightly wounded.
The iron imp closely misses you.
You hit the iron imp.
The iron imp convulses.
The iron imp is severely wounded.
The iron imp hits you but does no damage.
You hit the iron imp.
The iron imp is almost dead.
The iron imp hits you.
* * * LOW HITPOINT WARNING * * *
A shower of butterflies erupts from you!
Unknown command.
You hit the iron imp but do no damage.
The iron imp is almost dead.
The iron imp hits you but does no damage.
Unknown command.
You hit the iron imp but do no damage.
The iron imp is almost dead.
The iron imp hits you.
* * * LOW HITPOINT WARNING * * *
Unknown command.
You completely miss the iron imp.
The iron imp is almost dead.
The iron imp hits you.
* * * LOW HITPOINT WARNING * * *
You closely miss the iron imp.
The iron imp is almost dead.
The iron imp hits you!
Ouch! That really hurt!
You die...

###.#.## #..... #.# ##.## . #
#.... #.# #.# ..#. #... #.# #.#
.....#..#######.#### #.#
#............<.... #.#
#..#..#######.#### #.# #
#.......⌠#.# . #.#
#####.....##.#.#.## ####.####
#b@b#......#.#.#.#.
#.......#######5####.......#.#...
#.##.##...>...#.# #.#............
#.##.##..####.#.###..#..!........
#.##......#÷..b...##########.####
#.#####.....#.#.#####.#.......#
#.#####..####.#.......#.......###
#......[......#######.#>.........
############### #.#.#...####.


You could see an iron imp (summoned, agile, ally target).

Vanquished Creatures
  An endoplasm (D:1)
  A hobgoblin (D:1)
  A bat (D:1)
3 creatures vanquished.

Notes
Turn   | Place    | Note
-------+----------+-------------------------------------------
     0 | D:1      | olmar the Mummy Chaos Knight began the quest for the Orb.
     0 | D:1      | Reached XP level 1. HP: 18/18 MP: 1/1
    22 | D:1      | XOM: divination: magic mapping
   371 | D:1      | XOM: cloud trail
   404 | D:1      | XOM: summons 1 hostile demon
   405 | D:1      | Noticed an iron imp
   405 | D:1      | XOM: stat loss: -1 Dex (10/11)
   420 | D:1      | XOM: butterfly on damage
   424 | D:1      | Mangled by an iron imp

Illustrated notes

Levels and vault maps discovered:
D:1:      matt_arrival_grand_opening, layout_loops_cross,
          minmay_misc_feat_rugged

Action                     || total
---------------------------++-------
  Melee: Mace              ||    26
 Armour: Leather armour    ||    10
  Dodge: Dodged            ||    13
